 Dungeon Crawl Stone Soup version 0.18.1-8-gdd0e5ea (webtiles) character file.

125 Hipnos the Digger (level 5, 0/29 HPs)
             Began as a Gargoyle Earth Elementalist on May 30, 2016.
             Killed from afar by an orc wizard (9 damage)
             ... with a puff of flame
             ... on level 3 of the Dungeon.
             The game lasted 00:05:58 (2489 turns).

Hipnos the Digger (Gargoyle Earth Elementalist)     Turns: 2489, Time: 00:05:59

Health: 0/29       AC:  6    Str: 11    XL:     5   Next: 9%
Magic:  8/9        EV: 12    Int: 17    God:
Gold:   118        SH:  0    Dex: 10    Spells: 3 memorised, 4 levels left

rFire  . . .     SeeInvis .     n - -1 whip (curse)
rCold  . . .     Gourm    .     a - +0 robe
rNeg   + . .     Faith    .     (no shield)
rPois  ∞         Spirit   .     (no helmet)
rElec  +         Dismiss  .     (no cloak)
rCorr  .         Reflect  .     (no gloves)
SustAt .         Harm     .     (no boots)
MR     .....                    (no amulet)
Stlth  ++........               (no ring)
                                (no ring)

@: not resistant to hostile enchantments, unstealthy
A: negative energy resistance 1, electricity resistance, unbreathing,
petrification resistance, rot immunity, AC +4
a: no special abilities


You were on level 3 of the Dungeon.
You were not hungry.

You visited 1 branch of the dungeon, and saw 3 of its levels.

You collected 118 gold pieces.

Inventory:

Hand Weapons
 n - a cursed -1 whip (weapon)
Missiles
 b - 48 stones (quivered)
Armour
 a - a +0 robe (worn)
Scrolls
 f - a scroll of magic mapping {unknown}
 g - a scroll of fog {unknown}
 h - a scroll of enchant weapon {unknown}
 i - a scroll of remove curse {unknown}
 j - 4 scrolls of identify {unknown}
 p - a scroll of teleportation {unknown}
Potions
 e - 2 potions of curing {unknown}
 k - a potion of ambrosia
 m - a potion of might {unknown}
 o - a potion of magic {unknown}
 r - a potion of brilliance {unknown}
 s - a potion of beneficial mutation {unknown}
Books
 c - a book of Geomancy

   Spells                             Type                      Level
   a - Sandblast                      Earth                        1
   b - Passwall                       Transmutation/Earth          2
   c - Stone Arrow                    Conjuration/Earth            3
   d - Petrify                        Transmutation/Earth          4
   e - Lee's Rapid Deconstruction     Earth                        5
Comestibles
 d - a bread ration
 l - a fruit


   Skills:
 + Level 1.2 Fighting
 + Level 0.2 Maces & Flails
 + Level 2.0 Dodging
 - Level 2.2 Stealth
 + Level 3.3 Spellcasting
 + Level 0.7 Transmutations
 + Level 5.0 Earth Magic


You had 4 spell levels left.
You knew the following spells:

 Your Spells              Type           Power        Failure   Level  Hunger
a - Sandblast             Erth           ###...       2%          1    None
b - Passwall              Trmt/Erth      ##........   10%         2    ##.....
c - Stone Arrow           Conj/Erth      ##....       21%         3    ###....


Dungeon Overview and Level Annotations

Branches:
Dungeon (3/15)

Altars:
Dithmenos
Ru


Innate Abilities, Weirdness & Mutations

You are resistant to torment.
Your stone body is resilient (AC +4).
You are immune to poison.
You resist negative energy.
You are resistant to electric shocks.
You can survive without breathing.
You are immune to petrification.
You are immune to rotting.


Message History

a club; 2 stones Something hits you but does no damage.
You see here a stone.
Something hits you.
You hear some strange, mumbled words.
A magic dart appears from out of thin air!
The magic dart hits you!
You see here a stone.
Autopickup is now on.
Something hits you but does no damage.
Deactivating autopickup; reactivate with Ctrl-A.
A magic dart appears from out of thin air!
The magic dart hits you!
A magic dart appears from out of thin air!
The magic dart hits you!
* * * LOW HITPOINT WARNING * * *
You hear some strange, mumbled words.
A puff of flame appears from out of thin air!
The puff of flame hits you!
You die...

#.# #.# #### #.# #... ######.#
#.#.##...##.#
.........(#.############.
....))..................>#
....)(.(()).#.####.....#.#
#########((.....@...♣P...#
#####..##(..P.....#
#######).........♣♣...#.#
........................########
######.##...####... ##........#
#.#....# ##.# #.######.#
#.#..#.# #..##.# #.# #.#..#.#
#.##.# #.#
#.#..#.#######..#.######.#


There were no monsters in sight!

Vanquished Creatures
  2 orc priests (D:3)
  An ooze (D:1)
  A dart slug (D:1)
  A giant gecko (D:2)
  An orc (D:3)
  6 bats
  3 giant cockroaches
  9 goblins
  6 hobgoblins
  8 jackals (D:2)
  4 kobolds
  A quokka (D:2)
  A ball python (D:1)
  2 giant newts (D:2)
  3 rats
49 creatures vanquished.

Notes
Turn   | Place    | Note
--------------------------------------------------------------
     0 | D:1      | Hipnos the Gargoyle Earth Elementalist began the quest for the Orb.
     0 | D:1      | Reached XP level 1. HP: 10/10 MP: 3/3
   337 | D:1      | Reached XP level 2. HP: 15/15 MP: 0/5
   408 | D:1      | Reached skill level 4 in Earth Magic
  1067 | D:2      | Reached XP level 3. HP: 19/19 MP: 2/6
  1362 | D:2      | Found a shadowy altar of Dithmenos.
  1408 | D:2      | Found a sacrificial altar of Ru.
  1651 | D:2      | Learned a level 2 spell: Passwall
  1655 | D:2      | Learned a level 3 spell: Stone Arrow
  1805 | D:2      | Reached XP level 4. HP: 23/24 MP: 5/8
  2433 | D:3      | Reached skill level 1 in Fighting
  2437 | D:3      | Reached skill level 5 in Earth Magic
  2437 | D:3      | Reached XP level 5. HP: 11/29 MP: 0/9
  2489 | D:3      | Killed from afar by an orc wizard

Skill      XL: |  1  2  3  4 |
---------------+-------------+-----
Earth Magic    | 4 5 |  5.0
Fighting       | 1 |  1.2
Spellcasting   | 3 |  3.3
Dodging        | 2 |  2.0
Maces & Flails | |  0.2
Stealth        | |  2.2
Transmutations | |  0.7

Action                   |  1- 3 |  4- 6 || total
-------------------------+-------+-------++-------
Melee: Whip              |    44 |    21 ||    65
 Cast: Sandblast         |    65 |    14 ||    79
  Use: Potion            |       |     1 ||     1
 Stab: Sleeping          |       |     1 ||     1
  Eat: Chunk             |     4 |     2 ||     6
Armor: Robe              |    41 |    31 ||    72
Dodge: Dodged            |    75 |    16 ||    91
